 Dungeon Crawl Stone Soup version 0.29.0-11-gd7f09526c8 (webtiles) character file.

Game seed: 13621898531876565086

7 robertstho the Ruffian (level 2, -1/16 HPs)
             Began as a Vine Stalker Berserker on Sept 2, 2022.
             Was a Follower of Trog.
             Succumbed to a kobold's poison
             ... on level 1 of the Dungeon.
             The game lasted 00:00:27 (396 turns).

robertstho the Ruffian (Vine Stalker Berserker)      Turns: 396, Time: 00:00:28

Health: -1/16      AC:  6    Str: 19    XL:     2   Next: 4%
Magic:  1/3        EV: 10    Int:  7    God:    Trog [*.....]
Gold:   0          SH:  0    Dex: 13    Spells: 1/1 levels left

rFire   . . .      SeeInvis .     - Unarmed
rCold   . . .      Faith    .   (no shield)
rNeg    . . .      Spirit   +   b - +0 scale mail
rPois   .          Reflect  .   (no helmet)
rElec   .          Harm     .   (no cloak)
rCorr   .          Rampage  .   (no gloves)
Will    .....                   (no boots)
Stlth   ..........              (no amulet)
HPRegen 0.05/turn               (no ring)
MPRegen 0.08/turn               (no ring)

@: lethally poisoned (-1 -> -6), on berserk cooldown, slowed, very slow
A: fangs 2, magic shield, antimagic bite, no potion heal 2
a: Renounce Religion, Berserk


You were on level 1 of the Dungeon.
You worshipped Trog.
Trog was aware of your devotion.
You visited 1 branch of the dungeon, and saw 1 of its levels.

Inventory:

Armour
 b - a +0 scale mail (worn)
Scrolls
 a - a scroll of identify {unknown}


   Skills:
 * Level 2.8 Fighting
 + Level 1.6 Armour
 + Level 1.5 Dodging
 * Level 3.3 Unarmed Combat


You had one spell level left.
You didn't know any spells.
Your spell library was empty.

Dungeon Overview and Level Annotations

Branches:
Dungeon (1/15)

Altars:


Innate Abilities, Weirdness & Mutations

You have extremely sharp teeth.
When hurt, damage is shared between your health and your magic reserves.
Your bite disrupts and absorbs the magic of your enemies.
Potions cannot restore your health.


Message History

You are too injured to fight recklessly!
You are too injured to fight recklessly!
There is a lethal amount of poison in your body!
There is a lethal amount of poison in your body!
There is a lethal amount of poison in your body!
A red film seems to cover your vision as you go berserk!
You feel yourself moving faster!
You feel mighty!
You feel sick. The kobold hits you but does no damage.
You are more poisoned.
You punch the kobold!
You kill the kobold!
Trog accepts your kill.
You feel sick.
You have reached level 2!
* * * LOW HITPOINT WARNING * * *
You feel sick.
Things that are here:
a +1 dagger of venom; 2 stones; a kobold corpse You hit the rat.
You bite the rat.
You kill the rat!
Trog accepts your kill.
* * * LOW HITPOINT WARNING * * *
You feel sick.
* * * LOW HITPOINT WARNING * * *
You feel sick.
You see here a rat corpse.
You feel a strong urge to attack something.
* * * LOW HITPOINT WARNING * * *
You feel sick.
* * * LOW HITPOINT WARNING * * *
You feel sick.
You see here a rat corpse.
You feel your anger nearly subside.
You are no longer berserk.
You are exhausted.
You feel yourself slow down.
Things that are here:
a +1 dagger of venom; 2 stones; a kobold corpse You aren't carrying any potions.
Okay, then.
You die...

#......# #####
####.#
#...#######....#
..#...#.....#..##
###.#...#####...###
###.##### ####....#
### ####.
#####.##†#...###
.##.
#####..#.........
.##.
####.....@##...###
####.###..#####†#
...# #<##~~..# #.#
..# ###..~~# #.#
..# #..###.## #.#
.# .##### ## #.# ##
## ## #.# #.# ...


There were no monsters in sight!

Vanquished Creatures
  2 ball pythons (D:1)
  An endoplasm (D:1)
  A kobold (D:1)
  A quokka (D:1)
  A bat (D:1)
  A rat (D:1)
7 creatures vanquished.

Notes
Turn   | Place    | Note
-------+----------+-------------------------------------------
     0 | D:1      | robertstho the Vine Stalker Berserker began the quest for
                  | the Orb.
     0 | D:1      | Reached XP level 1. HP: 11/11 MP: 2/2
   390 | D:1      | Reached XP level 2. HP: 7/16 MP: 1/3
   394 | D:1      | HP: 1/24 [poisoned by a kobold]
   396 | D:1      | Succumbed to a kobold's poison

Illustrated notes

Levels and vault maps discovered:
D:1:      spicycebolla_green_bress_n_ham_2, layout_basic,
          dreamdust_ecumenical_altar_grove

Action                   || total
-------------------------++-------
Melee: Unarmed           ||    13
       Bite              ||     2
Invok: Berserk           ||     1
Armor: Scale mail        ||     6
Dodge: Dodged            ||     6
